 Dungeon Crawl Stone Soup version 0.25.0-11-g1f837a7 (webtiles) character file.

Game seed: 15514225807274507430

37347 Renzlar the Blocker (level 13, -3/104 HPs)
             Began as a Gnoll Fighter on June 26, 2020.
             Was the Champion of Okawaru.
             Shot with an arrow by something (23 damage)
             ... on level 6 of the Lair of Beasts on June 28, 2020.
             The game lasted 01:37:57 (18308 turns).

Renzlar the Blocker (Gnoll Fighter)                Turns: 18308, Time: 01:38:00

Health: -3/104     AC: 22    Str: 23    XL:     13   Next: 96%
Magic:  0/25       EV: 18    Int: 12    God:    Okawaru [******]
Gold:   659        SH: 14    Dex: 12    Spells: 21/29 levels left

rFire    . . .     SeeInvis .   a - +5 long sword (freeze)
rCold    . . .     Gourm    .   r - +0 kite shield
rNeg     . . .     Faith    .   L - +4 ring mail of Loss {rElec rPois Dex-2}
rPois    +         Spirit   +   C - +0 helmet
rElec    +         Reflect  .   O - +0 cloak {rCorr}
rCorr    +         Harm     .   V - +1 pair of gloves
MR       .....                  D - +2 pair of boots {Fly}
Stlth    ++++++....             H - amulet of guardian spirit
HPRegen  0.27/turn              j - ring of stealth
MPRegen  0.19/turn              (no ring)

@: lethally poisoned (-3 -> -26), heroism, flying
A: distributed training, fangs 1, strong nose
a: Heroism, Finesse, Renounce Religion, Stop Flying


You were on level 6 of the Lair of Beasts.
You worshipped Okawaru.
Okawaru was exalted by your worship.
You were not hungry.

You visited 2 branches of the dungeon, and saw 16 of its levels.
You also visited: Sewer.

You collected 1303 gold pieces.
You spent 644 gold pieces at shops.

Inventory:

Hand Weapons
 a - a +5 long sword of freezing (weapon)
 b - a +2 scimitar of flaming
 c - a +0 hunting sling of freezing
 e - a +2 hand axe of venom
 p - a +2 whip of freezing
 s - a +5 dagger of venom
 z - a +0 morningstar
 R - a +0 war axe
Missiles
 l - 69 poisoned darts (quivered)
 E - 412 stones
 I - 53 bolts
 J - 126 sling bullets
 M - 3 javelins
Armour
 r - a +0 kite shield (worn)
 t - the +1 plate armour "Wuwioguz" {MR+ rCorr Int+5}
   (You bought it in a shop on level 10 of the Dungeon)

   It affects your intelligence (+5).
   It affects your resistance to hostile enchantments.
   It provides partial protection from all sources of acid and corrosion.
 C - a +0 helmet (worn)
 D - a +2 pair of boots of flying (worn)
 L - the +4 ring mail of Loss (worn) {rElec rPois Dex-2}
   (You found it on level 5 of the Dungeon)

   It affects your dexterity (-2).
   It insulates you from electricity.
   It protects you from poison.
 O - a +0 cloak of preservation (worn)
 U - the +2 ring mail of Evolution {rF- rC+ Regen+ SInv}
   (You found it on level 3 of the Lair of Beasts)

   It makes you vulnerable to fire.
   It protects you from cold.
   It lets you see invisible.
   It increases your rate of regeneration.
 V - a +1 pair of gloves (worn)
Jewellery
 j - a ring of stealth (left hand)
 H - an amulet of guardian spirit (around neck)
Wands
 B - a wand of disintegration (12)
 F - a wand of paralysis (28)
 N - a wand of iceblast (22)
 P - a wand of acid (12)
 T - a wand of enslavement (6)
Scrolls
 h - 4 scrolls of magic mapping
 i - 9 scrolls of remove curse
 m - 3 scrolls of identify
 n - 3 scrolls of amnesia
 o - 2 scrolls of vulnerability {unknown}
 q - 7 scrolls of teleportation
 x - a scroll of fear
 A - 2 scrolls of enchant armour
Potions
 d - 3 potions of might
 g - 6 potions of flight
 k - 2 potions of resistance
 u - 2 potions of heal wounds
 v - 7 potions of curing
 w - a potion of stabbing
 G - 2 potions of invisibility
 Q - 2 potions of cancellation
 S - 4 potions of haste
Comestibles
 f - 27 rations
 K - 4 chunks of flesh


   Skills:
 + Level 10.7(15.7) Fighting
 + Level 8.6(13.6) Short Blades
 + Level 8.6(13.6) Long Blades
 + Level 9.7(14.7) Axes
 + Level 8.6(13.6) Maces & Flails
 + Level 8.6(13.6) Polearms
 + Level 8.6(13.6) Staves
 + Level 8.6(13.6) Slings
 + Level 8.6(13.6) Bows
 + Level 8.6(13.6) Crossbows
 + Level 8.6(13.6) Throwing
 + Level 10.7(15.7) Armour
 + Level 8.6(13.6) Dodging
 + Level 8.6(13.6) Stealth
 + Level 10.7(15.7) Shields
 + Level 8.6(13.6) Unarmed Combat
 + Level 8.6 Spellcasting
 + Level 7.1 Conjurations
 + Level 7.1 Hexes
 + Level 7.1 Charms
 + Level 7.1 Summonings
 + Level 7.1 Necromancy
 + Level 7.1 Translocations
 + Level 7.1 Transmutations
 + Level 7.1 Fire Magic
 + Level 7.1 Ice Magic
 + Level 7.1 Air Magic
 + Level 7.1 Earth Magic
 + Level 7.1 Poison Magic
 + Level 9.4 Invocations
 + Level 8.6 Evocations


You had 21 spell levels left.
You knew the following spells:

 Your Spells              Type           Power        Failure   Level  Hunger
a - Summon Lightning Spi  Summ/Air       ###.....     10%         4    ####...
b - Hailstorm             Conj/Ice       ###.....     10%         4    ####...

Your spell library contained the following spells:

 Spells                   Type           Power        Failure   Level  Hunger
 Animate Skeleton         Necr           N/A          1%          1    None
 Apportation              Tloc           ###...       1%          1    None
 Beastly Appendage        Tmut           ###...       1%          1    None
 Corona                   Hex            ###....      1%          1    None
 Freeze                   Ice            ###.         1%          1    None
 Summon Small Mammal      Summ           ###.         1%          1    None
 Call Imp                 Summ           ###.....     1%          2    None
 Sticks to Snakes         Tmut           ###.....     1%          2    None
 Call Canine Familiar     Summ           ###.....     3%          3    ##.....
 Frozen Ramparts          Ice            ###...       3%          3    ##.....
 Ozocubu's Armour         Chrm/Ice       ###.....     3%          3    ##.....
 Spider Form              Tmut/Pois      ###.......   3%          3    ##.....
 Summon Guardian Golem    Hex/Summ       ###.....     3%          3    ##.....
 Ice Form                 Ice/Tmut       ###.....     10%         4    ####...
 Summon Ice Beast         Ice/Summ       ###.....     10%         4    ####...
 Blade Hands              Tmut           ###.......   26%         5    #####..


Dungeon Overview and Level Annotations

Branches:
Dungeon (10/15)            Temple (0/1) D:4            Lair (6/6) D:8
  Swamp (0/4) Lair:3        Snake (0/4) Lair:4        Slime (0/5) Lair:5
    Orc (0/2) D:10          Sewer (visited)

Altars:
Cheibriados
Elyvilon
Kikubaaqudgha
Makhleb
Nemelex Xobeh
Okawaru
Uskayaw
Yredelemnul

Shops:
D:7 *:   D:10 [

Annotations:
Lair:6 Nessos


Innate Abilities, Weirdness & Mutations

Your experience applies equally to all skills.
You have very sharp teeth.
Your uncanny sense of smell can sniff out nearby items.


Message History

The wyvern is heavily wounded.
You feel sick.
You hear a loud twanging sound.
An arrow appears from out of thin air!
The arrow hits you!
* * * LOW HITPOINT WARNING * * *
The arrow burns you.
You are lethally poisoned!
* * * LOW HITPOINT WARNING * * *
You block the wyvern's attack.
You hit the wyvern. You freeze the wyvern. Your bite misses the wyvern.
The wyvern is severely wounded.
* * * LOW HITPOINT WARNING * * *
You feel sick. The wyvern misses you.
You closely miss the wyvern.
The wyvern is heavily wounded.
* * * LOW HITPOINT WARNING * * *
You feel sick.
You hear a loud twanging sound.
An arrow appears from out of thin air!
The arrow hits you!!
You die...

#..### ######## .......
#.#....# #........
##.§.§..###.........
###.......§P..........
##.....................
#..........PP..........
#P..........l.h......(.
#...##....@#..........
#...#.##.#.#.........
###..#.#######.........
#.#...## ####.h.P..
#....P# .##.. #...### #
##....### #.....#.#
#P......#


You could see a polar bear and a wyvern.

Vanquished Creatures
  An ice dragon (Lair:4)
  5 hydras
  A two-headed ogre (D:8)
  Erica (Lair:1)
  3 skeletal warriors (D:9)
  Pikel (D:9)
  A slime creature (D:5)
  A wolf spider (Lair:6)
  A centaur zombie (D:10)
  Joseph (Lair:1)
  A guardian serpent (Lair:6)
  6 elephants (Lair:4)
  A gargoyle (D:10)
  8 black mambas
  Psyche (D:8)
  Maggie (Lair:2)
  12 spiny frogs
  6 komodo dragons
  A hornet (Lair:6)
  5 hippogriffs
  7 blink frogs
  3 redbacks (Lair:6)
  7 wyverns
  14 yaks
  3 basilisks
  10 vampire mosquitoes (Lair:3)
  2 nagas (Lair:4)
  A soldier ant (D:8)
  18 water moccasins
  Duvessa (D:7)
  8 porcupines
  4 orc warriors
  3 ice beasts
  2 black bears (Lair:4)
  4 phantoms
  A sky beast (D:6)
  A necrophage (D:9)
  4 ogres
  6 centaurs
  7 crocodiles
  6 big kobolds
  9 bullfrogs
  Dowan (D:7)
  A scorpion (D:10)
  12 killer bees
  14 wights
  2 electric eels (Lair:4)
  3 howler monkeys
  18 jellies
  4 crimson imps
  11 hounds
  A quasit (D:3)
  Crazy Yiuf (D:5)
  2 bullfrog zombies
  4 orc priests
  A centaur skeleton (D:6)
  3 bullfrog skeletons
  3 iguanas
  8 worker ants
  Natasha (D:3)
  5 orc wizards
  A killer bee zombie (D:10)
  9 adders
  7 shadow imps
  12 white imps (Lair:2)
  3 oozes (D:5)
  3 adder skeletons
  10 worms
  2 dart slugs
  4 leopard geckos
  45 orcs
  2 ball pythons (Sewer)
  11 bats
  7 giant cockroaches
  9 goblins
  5 hobgoblins
  4 jackals (D:4)
  35 kobolds
  5 quokkas
  4 frilled lizards
  A giant cockroach zombie (D:6)
  A leopard gecko zombie (D:7)
  A quokka skeleton (D:8)
  2 quokka zombies
  8 rats
  A fungus (Lair:4)
  2 plants
  A toadstool (D:5)
469 creatures vanquished.

Vanquished Creatures (others)
  A black bear (D:9)
  6 fungi
  8 plants
  7 toadstools (D:5)
22 creatures vanquished.

Grand Total: 491 creatures vanquished

Notes
Turn   | Place    | Note
-------+----------+-------------------------------------------
     0 | D:1      | Renzlar the Gnoll Fighter began the quest for the Orb.
     0 | D:1      | Reached XP level 1. HP: 23/23 MP: 1/1
   103 | D:1      | Reached XP level 2. HP: 28/29 MP: 2/2
   542 | D:1      | Reached XP level 3. HP: 35/35 MP: 3/3
   734 | D:2      | Found a hide-covered altar of Uskayaw.
   757 | D:2      | Found a burning altar of Makhleb.
   777 | D:2      | Reached skill level 1 in Invocations
   851 | D:2      | Reached skill level 1 in Short Blades
   851 | D:2      | Reached skill level 1 in Long Blades
   851 | D:2      | Reached skill level 1 in Maces & Flails
   851 | D:2      | Reached skill level 1 in Polearms
   851 | D:2      | Reached skill level 1 in Staves
   851 | D:2      | Reached skill level 1 in Slings
   851 | D:2      | Reached skill level 1 in Bows
   851 | D:2      | Reached skill level 1 in Crossbows
   851 | D:2      | Reached skill level 1 in Throwing
   851 | D:2      | Reached skill level 1 in Dodging
   851 | D:2      | Reached skill level 1 in Stealth
   851 | D:2      | Reached skill level 1 in Unarmed Combat
   851 | D:2      | Reached skill level 1 in Spellcasting
   851 | D:2      | Reached skill level 1 in Evocations
   851 | D:2      | Reached XP level 4. HP: 41/41 MP: 5/5
  1329 | D:3      | Found a sparkling altar of Nemelex Xobeh.
  1392 | D:3      | Found a glowing drain.
  1434 | Sewer    | Entered a sewer
  1630 | Sewer    | Reached skill level 1 in Conjurations
  1630 | Sewer    | Reached skill level 1 in Hexes
  1630 | Sewer    | Reached skill level 1 in Charms
  1630 | Sewer    | Reached skill level 1 in Summonings
  1630 | Sewer    | Reached skill level 1 in Necromancy
  1630 | Sewer    | Reached skill level 1 in Translocations
  1630 | Sewer    | Reached skill level 1 in Transmutations
  1630 | Sewer    | Reached skill level 1 in Fire Magic
  1630 | Sewer    | Reached skill level 1 in Ice Magic
  1630 | Sewer    | Reached skill level 1 in Air Magic
  1630 | Sewer    | Reached skill level 1 in Earth Magic
  1630 | Sewer    | Reached skill level 1 in Poison Magic
  1758 | Sewer    | Noticed a big kobold
  1778 | Sewer    | Killed a big kobold
  1778 | Sewer    | Reached XP level 5. HP: 41/47 MP: 5/7
  1864 | Sewer    | Noticed a big kobold
  1895 | Sewer    | Killed a big kobold
  1895 | Sewer    | Reached XP level 6. HP: 28/53 MP: 8/8
  2641 | D:3      | Reached skill level 5 in Axes
  2826 | D:3      | Noticed Natasha
  2835 | D:3      | Killed Natasha
  2933 | D:4      | Found a white marble altar of Elyvilon.
  3004 | D:4      | Found a basalt altar of Yredelemnul.
  3079 | D:4      | Found a snail-covered altar of Cheibriados.
  3229 | D:4      | Found an iron altar of Okawaru.
  3280 | D:4      | Became a worshipper of Warmaster Okawaru
  3329 | D:4      | Found a staircase to the Ecumenical Temple.
  3427 | D:4      | Reached XP level 7. HP: 55/59 MP: 10/10
  3577 | D:4      | Found an ancient bone altar of Kikubaaqudgha.
  3845 | D:5      | Entered Level 5 of the Dungeon
  3876 | D:5      | Reached * piety under Okawaru
  3970 | D:5      | Noticed a slime creature
  3970 | D:5      | Noticed a slime creature
  3994 | D:5      | Killed a large slime creature
  3994 | D:5      | Reached ** piety under Okawaru
  3994 | D:5      | Reached XP level 8. HP: 35/67 MP: 6/12
  4473 | D:6      | Reached *** piety under Okawaru
  4777 | D:5      | Got a smouldering ring mail
  4788 | D:5      | Identified the +4 ring mail of Loss {rElec rPois Dex-2}
                  | (You found it on level 5 of the Dungeon)
  4854 | D:5      | Found a runed translucent door.
  4855 | D:5      | Noticed Crazy Yiuf
  4866 | D:5      | Killed Crazy Yiuf
  5057 | D:5      | Reached XP level 9. HP: 72/72 MP: 12/14
  6204 | D:7      | Found an ancient bone altar of Kikubaaqudgha.
  6207 | D:7      | Found Jicitsec's Blasphemy Boutique.
  6208 | D:7      | Noticed Dowan
  6221 | D:7      | Killed Dowan
  6302 | D:7      | Noticed Duvessa
  6320 | D:7      | Killed Duvessa
  6490 | D:7      | Reached **** piety under Okawaru
  6490 | D:7      | Reached skill level 5 in Invocations
  6606 | D:7      | Found Bunumim's Book Shoppe.
  6720 | D:7      | Reached XP level 10. HP: 80/80 MP: 15/17
  6932 | D:8      | Found a staircase to the Lair.
  7420 | D:8      | Reached skill level 5 in Short Blades
  7420 | D:8      | Reached skill level 5 in Long Blades
  7420 | D:8      | Reached skill level 5 in Maces & Flails
  7420 | D:8      | Reached skill level 5 in Polearms
  7420 | D:8      | Reached skill level 5 in Staves
  7420 | D:8      | Reached skill level 5 in Slings
  7420 | D:8      | Reached skill level 5 in Bows
  7420 | D:8      | Reached skill level 5 in Crossbows
  7420 | D:8      | Reached skill level 5 in Throwing
  7420 | D:8      | Reached skill level 5 in Dodging
  7420 | D:8      | Reached skill level 5 in Stealth
  7420 | D:8      | Reached skill level 5 in Unarmed Combat
  7420 | D:8      | Reached skill level 5 in Spellcasting
  7420 | D:8      | Reached skill level 5 in Evocations
  7720 | D:8      | Noticed a two-headed ogre
  7732 | D:8      | Killed a two-headed ogre
  7877 | D:8      | Reached ***** piety under Okawaru
  8072 | D:9      | Noticed Psyche
  8082 | D:8      | Killed Psyche
  8273 | D:9      | Noticed a skeletal warrior
  8273 | D:9      | Noticed a skeletal warrior
  8273 | D:9      | Noticed a skeletal warrior
  8301 | D:9      | Killed a skeletal warrior
  8539 | D:9      | Killed a skeletal warrior
  8539 | D:9      | Reached XP level 11. HP: 64/87 MP: 14/19
  8558 | D:9      | Killed a skeletal warrior
  8937 | D:9      | Received a gift from Okawaru
  8937 | D:9      | Reached skill level 5 in Conjurations
  8937 | D:9      | Reached skill level 5 in Hexes
  8937 | D:9      | Reached skill level 5 in Charms
  8937 | D:9      | Reached skill level 5 in Summonings
  8937 | D:9      | Reached skill level 5 in Necromancy
  8937 | D:9      | Reached skill level 5 in Translocations
  8937 | D:9      | Reached skill level 5 in Transmutations
  8937 | D:9      | Reached skill level 5 in Fire Magic
  8937 | D:9      | Reached skill level 5 in Ice Magic
  8937 | D:9      | Reached skill level 5 in Air Magic
  8937 | D:9      | Reached skill level 5 in Earth Magic
  8937 | D:9      | Reached skill level 5 in Poison Magic
  9342 | D:9      | Noticed Pikel
  9356 | D:9      | Killed Pikel
  9377 | D:9      | Found a white marble altar of Elyvilon.
  9735 | D:10     | Entered Level 10 of the Dungeon
  9922 | D:10     | Received a gift from Okawaru
 10153 | D:10     | Found a staircase to the Orcish Mines.
 10592 | D:10     | Found Wuthret's Antique Armour Shoppe.
 10673 | D:10     | Bought a polished plate armour for 644 gold pieces
 10684 | D:10     | Identified the +1 plate armour "Wuwioguz" {MR+ rCorr Int+5}
                  | (You bought it in a shop on level 10 of the Dungeon)
 10768 | Lair:1   | Entered Level 1 of the Lair of Beasts
 10810 | Lair:1   | Noticed Erica
 10823 | Lair:1   | Killed Erica
 10998 | Lair:1   | Noticed Joseph
 11011 | Lair:1   | Killed Joseph
 11299 | Lair:1   | Reached XP level 12. HP: 96/96 MP: 22/22
 11311 | Lair:1   | Learned a level 4 spell: Summon Lightning Spire
 11646 | Lair:2   | Noticed Maggie
 11653 | Lair:2   | Killed Maggie
 11969 | Lair:2   | Found a frozen archway.
 12347 | Lair:2   | Received a gift from Okawaru
 12709 | Lair:3   | Found a staircase to the Swamp.
 12751 | Lair:3   | Reached ****** piety under Okawaru
 12993 | Lair:3   | Noticed a five-headed hydra
 13003 | Lair:3   | Killed a two-headed hydra
 13003 | Lair:3   | Received a gift from Okawaru
 13012 | Lair:3   | Noticed a four-headed hydra
 13015 | Lair:3   | Received a gift from Okawaru
 13031 | Lair:3   | Killed a one-headed hydra
 13040 | Lair:3   | Got a crystal triple crossbow {god gift}
 13047 | Lair:3   | Identified the +7 triple crossbow "Dragon's Tongue" {flame,
                  | rC- Int+4} (Okawaru gifted it to you on level 3 of the Lair
                  | of Beasts)
 13357 | Lair:3   | Got a masterwork ring mail
 13368 | Lair:3   | Identified the +2 ring mail of Evolution {rF- rC+ Regen+
                  | SInv} (You found it on level 3 of the Lair of Beasts)
 14017 | Lair:4   | Reached skill level 10 in Fighting
 14017 | Lair:4   | Reached skill level 10 in Armour
 14017 | Lair:4   | Reached skill level 10 in Shields
 14152 | Lair:4   | Noticed a four-headed hydra
 14164 | Lair:4   | Killed a one-headed hydra
 14184 | Lair:4   | Reached XP level 13. HP: 68/103 MP: 16/24
 14261 | Lair:4   | Received a gift from Okawaru
 14773 | Lair:4   | Received a gift from Okawaru
 14868 | Lair:4   | Found a staircase to the Snake Pit.
 15020 | Lair:4   | Noticed an ice dragon
 15064 | Lair:4   | Killed an ice dragon
 15364 | Lair:4   | Learned a level 4 spell: Hailstorm
 15973 | Lair:5   | Found a staircase to the Slime Pits.
 16924 | Lair:6   | Entered Level 6 of the Lair of Beasts
 18292 | Lair:6   | Noticed Nessos
 18308 | Lair:6   | Shot with an arrow by something

Illustrated notes

Levels and vault maps discovered:
D:1:      minmay_arrival_loop, layout_loops_ring, item_on_display_a
D:2:      layout_loops_ring, lemuel_crystal_altar, bloody_makhleb
D:3:      layout_loops_corners, nemelex_xobeh_ov_fountains_minmay,
          cheibrodos_sewer_entry_drain, uniq_natasha
D:4:      layout_rooms, nicolae_overflow_hidden_temple, kiku_gazebo_pond_becter,
          okawaru_ov_weapons_minmay, grunt_temple_overflow_open,
          minmay_temple_entry_grid, first_ration, kennysheep_small_spiral,
          elyvilon_altar_5
D:5:      cheibrodos_fertilizer, layout_gridville, uniq_crazy_yiuf_cottage
D:6:      minmay_chambers_of_threes, layout_cave_pools
D:7:      layout_basic, serial_shops, nicolae_shop_crystal, nicolae_evil_shop,
          uniq_duvessa
D:8:      layout_cave_pools, lair_entry_dummy
D:9:      layout_basic, old_standard_altar, uniq_pikel, uniq_psyche
D:10:     minmay_bubble_buster, layout_rooms, hiddenorc2_lemuel, serial_shops,
          nicolae_shop_stone
Lair:1:   layout_long_grid, serial_forest, infiniplex_forest_split,
          infiniplex_forest_diagonal, infiniplex_forest_lined_3,
          infiniplex_forest_straight_1, infiniplex_forest_straight_4,
          infiniplex_forest_straight_4, infiniplex_forest_clump_diagonal,
          infiniplex_forest_straight_1, infiniplex_forest_zigzag_1, uniq_erica,
          uniq_joseph
Lair:2:   layout_loops_ring, portal_ice_cave_entry_imps, serial_bayou_shore_b,
          grunt_megastairs_2, uniq_maggie
Lair:3:   layout_chaotic_city, minmay_swamp_entry_swarm, serial_bayou_shore_b,
          lemuel_fruit_tree
Lair:4:   dragon1_lemuel, layout_loops_ring, guppyfry_snake_entry_island,
          eino_small_chamber_without_monster, wad_woods_river_01
Lair:5:   layout_regular_city, minmay_slime_entry_jelly_boxes, lookout_lair_type
Lair:6:   hangedman_lair_tendril_chambers, layout_gridlike, uniq_nessos

Skill      XL: |  1  2  3  4  5  6  7  8  9 10 11 12 13 |
---------------+----------------------------------------+-----
Invocations    | 1 2 3 4 5 6 7 8 9 |  9.4
Short Blades   | 1 2 3 4 5 6 7 8 |  8.6
Long Blades    | 1 2 3 4 5 6 7 8 |  8.6
Maces & Flails | 1 2 3 4 5 6 7 8 |  8.6
Polearms       | 1 2 3 4 5 6 7 8 |  8.6
Staves         | 1 2 3 4 5 6 7 8 |  8.6
Slings         | 1 2 3 4 5 6 7 8 |  8.6
Bows           | 1 2 3 4 5 6 7 8 |  8.6
Crossbows      | 1 2 3 4 5 6 7 8 |  8.6
Throwing       | 1 2 3 4 5 6 7 8 |  8.6
Dodging        | 1 2 3 4 5 6 7 8 |  8.6
Stealth        | 1 2 3 4 5 6 7 8 |  8.6
Unarmed Combat | 1 2 3 4 5 6 7 8 |  8.6
Spellcasting   | 1 2 3 4 5 6 7 8 |  8.6
Evocations     | 1 2 3 4 5 6 7 8 |  8.6
Conjurations   | 1 2 3 4 5 6 7 |  7.1
Hexes          | 1 2 3 4 5 6 7 |  7.1
Charms         | 1 2 3 4 5 6 7 |  7.1
Summonings     | 1 2 3 4 5 6 7 |  7.1
Necromancy     | 1 2 3 4 5 6 7 |  7.1
Translocations | 1 2 3 4 5 6 7 |  7.1
Transmutations | 1 2 3 4 5 6 7 |  7.1
Fire Magic     | 1 2 3 4 5 6 7 |  7.1
Ice Magic      | 1 2 3 4 5 6 7 |  7.1
Air Magic      | 1 2 3 4 5 6 7 |  7.1
Earth Magic    | 1 2 3 4 5 6 7 |  7.1
Poison Magic   | 1 2 3 4 5 6 7 |  7.1
Axes           | 5 6 7 8 9 |  9.7
Fighting       | 7 8 9 10 | 10.7
Armour         | 7 8 9 10 | 10.7
Shields        | 7 8 9 10 | 10.7

Action                   |  1- 3 |  4- 6 |  7- 9 | 10-12 | 13-15 || total
-------------------------+-------+-------+-------+-------+-------++-------
Melee: War axe           |    65 |   123 |   123 |       |       ||   311
       Bite              |     5 |    16 |    51 |    92 |    54 ||   218
       Hand axe          |       |    14 |   106 |    12 |       ||   132
       Dagger            |       |     2 |     6 |    66 |    22 ||    96
       Long sword        |       |       |    34 |   524 |   301 ||   859
       Scimitar          |       |       |       |    80 |    10 ||    90
 Fire: Hunting sling     |     2 |   129 |   157 |   245 |   122 ||   655
       Triple crossbow   |       |       |       |     6 |       ||     6
Throw: Stone             |     7 |       |       |       |       ||     7
       Dart              |     5 |       |    10 |    14 |       ||    29
       Javelin           |       |       |       |     4 |       ||     4
Invok: Heroism           |       |       |     2 |     4 |     4 ||    10
       Finesse           |       |       |       |     1 |       ||     1
  Use: Scroll            |     1 |     7 |     2 |    18 |     4 ||    32
       Potion            |       |     1 |     1 |     2 |     5 ||     9
 Stab: Sleeping          |       |     1 |     5 |    19 |    17 ||    42
       Distracted        |       |       |       |     1 |       ||     1
  Eat: Chunk             |       |     8 |     4 |    16 |     5 ||    33
       Ration            |       |       |     2 |     3 |     2 ||     7
Armor: Scale mail        |    19 |    61 |    39 |       |       ||   119
       Ring mail         |       |       |    48 |   263 |   110 ||   421
Dodge: Dodged            |    18 |    58 |    91 |   311 |   163 ||   641
Block: Kite shield       |    36 |    79 |   138 |   437 |   219 ||   909
       Rpst.: Long sword |       |       |     7 |    65 |    35 ||   107
       Scimitar          |       |       |       |    10 |     2 ||    12
